 Dungeon Crawl Stone Soup version 0.31-a0-542-gdc2a67831c (webtiles) character file.

Game seed: 3839585191533038962

508 jortjevb the Chopper (level 6, -16/56 HPs)
             Began as a Minotaur Fighter on Aug 14, 2023.
             Demolished by an ogre
             ... wielding a +0 giant spiked club
              (31 damage)
             ... on level 5 of the Dungeon.
             The game lasted 00:20:12 (2326 turns).

jortjevb the Chopper (Minotaur Fighter)             Turns: 2326, Time: 00:20:13

Health: -16/56     AC:  8    Str: 22    XL:     6   Next: 98%
Magic:  14/14      EV: 10    Int:  5    God:
Gold:   172        SH:  4    Dex: 10    Spells: 5/5 levels left

rFire   . . .        k - +0 war axe (freeze)
rCold   . . .        c - +0 buckler
rNeg    . . .        b - +0 scale mail
rPois   .            u - +0 hat
rElec   .            v - +0 cloak
rCorr   .            (no gloves)
SInv    .            (no boots)
Will    .....        (no amulet)
Stlth   x              - ring of magical power
HPRegen 0.29/turn    (no ring)
MPRegen 0.14/turn

%: no passive effects
@: no status effects
A: horns 2, retaliatory headbutt
a: no special abilities


You were on level 5 of the Dungeon.
You visited 1 branch of the dungeon, and saw 5 of its levels.

You collected 172 gold pieces.

Inventory:

Hand Weapons
 a - a +0 war axe
 k - a +0 war axe of freezing (weapon)
 s - a +0 flail
 w - a +2 dagger of venom
Missiles
 n - 3 boomerangs
 o - 24 stones
Armour
 b - a +0 scale mail (worn)
 c - a +0 buckler (worn)
 j - a +0 scale mail
 m - a +0 ring mail
 t - a +0 animal skin
 u - a +0 hat (worn)
 v - a +0 cloak (worn)
 y - a +0 scale mail
Jewellery
 x - a ring of magical power (left hand)
Scrolls
 e - a scroll of teleportation
 f - a scroll of identify
 h - a scroll of blinking {unknown}
 i - 3 scrolls of fog {unknown}
 r - a scroll of silence {unknown}
Potions
 d - a potion of might
 g - 4 potions of degeneration
 l - 2 potions of curing {unknown}
 p - a potion of cancellation {unknown}
 q - a potion of heal wounds {unknown}


   Skills:
 + Level 5.4 Fighting
 + Level 5.9 Axes
 + Level 5.6 Armour
 + Level 1.5 Dodging
 + Level 0.5 Stealth
 + Level 4.4 Shields


You had 5 spell levels left.
You didn't know any spells.
Your spell library contained the following spells:

 Spells                   Type           Power      Damage    Failure   Level
 Poisonous Vapours        Pois/Air       0%         N/A       94%         2
 Mephitic Cloud           Conj/Pois/Air  0%         N/A       99%         3
 Freezing Cloud           Conj/Ice/Air   0%         6-21      100%        5


Dungeon Overview and Level Annotations

Branches:
Dungeon (5/15)
 Temple: D:4-7

Altars:
Hepliaklqana
Qazlal
Trog
Xom

Annotations:
D:4 2 transporters, TobyConnect's ghost, weakling DsSh
D:5 Prince Ribbit


Innate Abilities, Weirdness & Mutations

You have a pair of horns on your head.
You reflexively headbutt those who attack you in melee.


Message History

You see here a scorpion corpse.
Found 6 stones.
Found a white potion.
o - 24 stones (gained 6)
A howler monkey comes into view.
The howler monkey howls!
Found a leather armour.
You see here a metallic emerald potion.
The howler monkey hoots and howls with incredible vigour!
You hear an angry hiss. x3
You closely miss the howler monkey. The howler monkey hits you. x2
You closely miss the howler monkey.
An ogre comes into view. It is wielding a +0 giant spiked club.
The howler monkey hits you.
You completely miss the howler monkey.
The ogre shouts!
The howler monkey closely misses you. You furiously retaliate!
You headbutt the howler monkey!
The howler monkey hoots and howls with incredible vigour!
You hear a croak.
You hear an angry hiss. x3; You hear a shout!
You hit the howler monkey but do no damage.
You headbutt the howler monkey.
The howler monkey is severely wounded.
The howler monkey hits you.
You closely miss the howler monkey.
The howler monkey is severely wounded.
The howler monkey hits you.
A phantom comes into view.
The howler monkey completely misses you.
You closely miss the howler monkey. You headbutt the howler monkey.
You kill the howler monkey!
The ogre hits you with a +0 giant spiked club!
* * * LOW HITPOINT WARNING * * *
You see here a howler monkey corpse.
You hit the ogre. You freeze the ogre.
The ogre is lightly wounded.
Prince Ribbit comes into view.
The ogre hits you with a +0 giant spiked club!!
Ouch! That really hurt!
You die...

........[..##.#.
...........#.F..
#.........#..#
.....!...... .
#........###.####
#...............#
#...............#
.#####.O@..!.........#
.....W....#.#........#
....###.#.#.#..$.....#
... #.#...#........# .
#.#####...<....# #..##
#........# #...#
####)?####
#...###..†.##
#.......####


You could see Prince Ribbit, an ogre and a phantom.

Vanquished Creatures
  A centaur (D:5)
  3 scorpions
  A howler monkey (D:5)
  A jelly (D:4)
  2 iguanas (D:4)
  4 gnolls (D:3)
  3 adders
  A worm (D:2)
  A dart slug (D:3)
  6 orcs
  A bat (D:2)
  6 endoplasms
  A giant cockroach (D:2)
  8 goblins
  4 hobgoblins
  2 jackals (D:3)
  5 quokkas
  8 ball pythons
  A frilled lizard (D:2)
  5 kobolds
  2 rats
66 creatures vanquished.

Notes
Turn   | Place    | Note
-------+----------+-------------------------------------------
     0 | D:1      | jortjevb the Minotaur Fighter began the quest for the Orb.
     0 | D:1      | Reached XP level 1. HP: 19/19 MP: 0/0
   269 | D:2      | Reached XP level 2. HP: 22/27 MP: 1/1
   349 | D:2      | Found a stormy altar of Qazlal.
   563 | D:3      | Reached XP level 3. HP: 33/33 MP: 2/2
   645 | D:3      | Found a shimmering altar of Xom.
   647 | D:3      | Found a hazy altar of Hepliaklqana.
   647 | D:3      | Noticed a yak
   648 | D:3      | Noticed a spectral ugly thing
   648 | D:3      | Noticed a yak
  1454 | D:3      | Reached XP level 4. HP: 13/41 MP: 3/3
  1472 | D:3      | Found a bloodstained altar of Trog.
  1657 | D:4      | Reached XP level 5. HP: 29/47 MP: 4/4
  1705 | D:4      | Noticed TobyConnect's ghost (weakling DsSh)
  1710 | D:4      | Found a transporter.
  1725 | D:4      | Found a transporter.
  1759 | D:4      | Reached skill level 5 in Armour
  1759 | D:4      | Reached skill level 1 in Dodging
  1766 | D:4      | Reached skill level 5 in Fighting
  1986 | D:4      | Reached XP level 6. HP: 54/56 MP: 5/5
  2165 | D:4      | Reached skill level 5 in Axes
  2273 | D:5      | Entered Level 5 of the Dungeon
  2326 | D:5      | Noticed Prince Ribbit
  2326 | D:5      | Demolished by an ogre

Illustrated notes

Levels and vault maps discovered:
D:1:      psy_arrival_spokes, layout_basic, serial_curves, eino_curves_02,
          eino_curves_04, eino_curves_04, minmay_misc_feat_rows
D:2:      layout_rooms, basic_altar
D:3:      layout_basic, regret_index_temple_of_mockery, bloody_trog,
          uniq_crazy_yiuf_cottage
D:4:      corexii_shack_village, layout_loops_ring, gammafunk_ghost_arena,
          minmay_box_of_dots
D:5:      layout_rooms, kennysheep_mini, old_standard_altar, uniq_edmund,
          uniq_prince_ribbit1

Skill      XL: |  1  2  3  4  5  6 |
---------------+-------------------+-----
Armour         | 4 5 |  5.6
Fighting       | 4 5 |  5.4
Shields        | 4 |  4.4
Axes           | 3 4 5 |  5.9
Dodging        | 1 |  1.5
Stealth        | |  0.5

Action                     |  1- 3 |  4- 6 || total
---------------------------+-------+-------++-------
  Melee: War axe           |    97 |    90 ||   187
         Headbutt          |    17 |    15 ||    32
    Use: Scroll            |       |     2 ||     2
 Armour: Scale mail        |    26 |    35 ||    61
  Dodge: Dodged            |    28 |    44 ||    72
  Block: Buckler           |    14 |    15 ||    29

Table legend: (Time is in decaauts)
 A = Elapsed time spent in this place.
 B = Non-inter-level travel time spent in this place.
 C = Inter-level travel time spent in this place.
 D = Time resting spent in this place.
 E = Time spent auto-exploring this place.
 F = Levels seen in this place.
 G = Mean time per level.
                   A        B        C        D        E       F      G
               +--------+--------+--------+--------+--------+-----+--------+
         Total |   2387 |   2219 |    168 |      0 |      0 |   5 |  477.4 |
       Dungeon |   2387 |   2219 |    168 |      0 |      0 |   5 |  477.4 |
               +--------+--------+--------+--------+--------+-----+--------+

Top non-repeatable levels by time:
     D:3: 934 daAuts
     D:4: 697 daAuts
     D:2: 518 daAuts
     D:1: 181 daAuts
     D:5: 56 daAuts
